 Dungeon Crawl Stone Soup version 0.29-a0-243-g602b31c20e (webtiles) character file.

Game seed: 14032655141769919273

508 igorguim the Chiller (level 7, 0/70 HPs)
             Began as an Ogre Ice Elementalist on Mar 5, 2022.
             Was a Believer of Nemelex Xobeh.
             Slain by a lemure (1 damage)
             ... led by Pikel
             ... on level 4 of the Dungeon.
             The game lasted 00:16:43 (4237 turns).

igorguim the Chiller (Ogre Ice Elementalist)        Turns: 4237, Time: 00:16:45

Health: 0/70       AC:  7    Str: 13    XL:     7   Next: 18%
Magic:  11/11      EV:  9    Int: 18    God:    Nemelex Xobeh [**....]
Gold:   237        SH:  0    Dex:  9    Spells: 11/12 levels left

rFire   . . .      SeeInvis .   b - +0 hand axe
rCold   . . .      Faith    .   (no shield)
rNeg    . . .      Spirit   .   a - +0 robe
rPois   .          Reflect  .   (helmet restricted)
rElec   .          Harm     .   (no cloak)
rCorr   .          Rampage  .   (gloves unavailable)
Will    .....                   (boots unavailable)
Stlth   +.........              (no amulet)
HPRegen 0.21/turn               d - +4 ring of protection
MPRegen 0.12/turn               (no ring)

@: no status effects
A: large, unfitting armour, tough skin 1
a: Renounce Religion, Draw Escape, Draw Destruction, Draw Summoning


You were on level 4 of the Dungeon.
You worshipped Nemelex Xobeh.
Nemelex Xobeh was pleased with you.
You visited 1 branch of the dungeon, and saw 4 of its levels.

You collected 237 gold pieces.

Inventory:

Hand Weapons
 b - a +0 hand axe (weapon)
Missiles
 l - a curare-tipped dart
 o - 4 poisoned darts
Armour
 a - a +0 robe (worn)
Jewellery
 d - a +4 ring of protection (left hand)
Wands
 j - a wand of iceblast (5)
 s - a wand of digging (4)
 t - a wand of flame (16)
Scrolls
 h - 2 scrolls of enchant armour
 i - a scroll of vulnerability
 k - a scroll of fog {unknown}
 n - a scroll of enchant weapon {unknown}
 r - a scroll of summoning {unknown}
 u - a scroll of blinking
Potions
 c - 2 potions of heal wounds
 e - a potion of curing
 f - a potion of attraction {unknown}
 g - 2 potions of lignification {unknown}
 m - a potion of berserk rage {unknown}
 p - a potion of ambrosia {unknown}
 q - a potion of flight {unknown}
 v - a potion of brilliance {unknown}


   Skills:
 - Level 4.0 Fighting
 + Level 2.6 Axes
 - Level 2.6 Throwing
 - Level 1.7 Dodging
 - Level 1.4 Stealth
 - Level 3.2 Spellcasting
 - Level 5.0 Ice Magic
 + Level 2.8 Invocations


You had 11 spell levels left.
You knew the following spells:

 Your Spells              Type           Power      Damage    Failure   Level
a - Freeze                Ice            80%        1d9       1%          1

Your spell library contained the following spells:

 Spells                   Type           Power      Damage    Failure   Level
 Frozen Ramparts          Ice            40%        1d6       6%          3
 Ozocubu's Armour         Ice            20%        N/A       6%          3
 Ensorcelled Hibernation  Hex/Ice        22%        N/A       9%          2
 Pain                     Necr           8%         1d4       16%         1
 Conjure Flame            Conj/Fire      2%         6-21      43%         3
 Ignite Poison            Fire/Tmut/Pois 2%         N/A       43%         3
 Spider Form              Tmut/Pois      2%         N/A       43%         3
 Hailstorm                Conj/Ice       11%        3d5       50%         4
 Anguish                  Hex/Necr       1%         N/A       85%         4
 Sticky Flame             Conj/Fire      2%         2d3       85%         4
 Agony                    Necr           2%         N/A       99%         5
 Excruciating Wounds      Necr           1%         N/A       99%         5


Dungeon Overview and Level Annotations

Branches:
Dungeon (4/15)
 Temple: D:4-7

Altars:
Nemelex Xobeh

Annotations:
D:4 Pikel


Innate Abilities, Weirdness & Mutations

You are too large for most types of armour.
You have tough skin. (AC +1)


Message History

The lemure hits you but does no damage.
You hit the lemure.
The lemure is moderately wounded.
Pikel, Merchant of Souls comes into view.
He is wielding a +0 whip of freezing and carrying a wand of mindburst (13).
The lemure hits you but does no damage.
You closely miss the lemure.
The lemure is moderately wounded.
The lemure closely misses you.
Pikel shouts!
You hit the lemure.
The lemure is moderately wounded.
The lemure hits you.
A lemure comes into view.
The lemure shouts!
You hit the lemure.
The lemure is moderately wounded.
You completely miss the lemure. The lemure hits you but does no damage.
The lemure completely misses you.
You hit the lemure.
The lemure is heavily wounded.
You barely miss the lemure. The lemure hits you. x2
The lemure hits you but does no damage. The lemure barely misses you.
You closely miss the lemure.
The lemure is heavily wounded.
You hit the lemure. The lemure closely misses you.
You barely miss Pikel. You hit the lemure. The lemure hits you.
You closely miss Pikel. You completely miss the lemure.
Pikel zaps a wand.
Your mind is blasted!
The lemure hits you but does no damage.
You closely miss Pikel. You hit the lemure but do no damage.
Pikel zaps a wand.
Your mind is blasted!
* * * LOW HITPOINT WARNING * * *
The lemure hits you but does no damage.
You closely miss Pikel. You hit the lemure but do no damage.
Pikel hits you with a +0 whip of freezing.
* * * LOW HITPOINT WARNING * * *
Pikel freezes you.
* * * LOW HITPOINT WARNING * * *
The lemure barely misses you. Pikel completely misses you. The lemure hits you.
You die...
Your body disappears without a glow.

#######..........# #..
##........## #..
##........####
#............#
#######.........<#.#
#.....(..........#.# #
#................#.####...
#.†..............#5......#
##..†...........@K5.###.##
##..##..........#5<.....#
#..###.########.........#
..##...# ###.......#
..†..### #......... .#####
#.......## .# #.........
)# #......... .#


You could see Pikel and 3 lemures.

Vanquished Creatures
  A lemure (D:4)
  2 scorpions
  A howler monkey (D:2)
  A gnoll shaman (D:3)
  Ijyb (D:2)
  Terence (D:2)
  Natasha (thrice) (D:4)
  An iguana (D:2)
  5 gnolls
  6 adders
  2 worms (D:2)
  2 dart slugs
  3 bats
  4 endoplasms
  5 giant cockroaches
  2 goblins
  11 hobgoblins
  8 jackals
  4 quokkas
  6 ball pythons
  2 frilled lizards
  5 kobolds
  A rat (D:2)
77 creatures vanquished.

Vanquished Creatures (others)
  An adder (D:2)
  A frilled lizard (D:2)
2 creatures vanquished.

Grand Total: 79 creatures vanquished

Notes
Turn   | Place    | Note
-------+----------+-------------------------------------------
     0 | D:1      | igorguim the Ogre Ice Elementalist began the quest for the
                  | Orb.
     0 | D:1      | Reached XP level 1. HP: 16/16 MP: 3/3
   234 | D:1      | Found a faded altar of an unknown god.
   253 | D:1      | Prayed at the altar of an unknown god.
   253 | D:1      | Became a worshipper of Nemelex Xobeh the Trickster
   253 | D:1      | Reached * piety under Nemelex Xobeh
   519 | D:1      | Reached XP level 2. HP: 26/26 MP: 3/5
   523 | D:1      | Reached skill level 1 in Fighting
   530 | D:1      | Reached skill level 4 in Ice Magic
   589 | D:1      | Received a gift from Nemelex Xobeh
   595 | D:1      | You fall into a shaft and drop 1 floor!
   677 | D:2      | Reached XP level 3. HP: 23/35 MP: 1/6
   790 | D:2      | Reached ** piety under Nemelex Xobeh
   844 | D:2      | Noticed Terence
   858 | D:2      | Killed Terence
   931 | D:2      | Reached XP level 4. HP: 33/44 MP: 2/7
  1344 | D:2      | Reached skill level 1 in Throwing
  1344 | D:2      | Reached skill level 5 in Ice Magic
  1344 | D:2      | Reached XP level 5. HP: 25/53 MP: 8/8
  1998 | D:1      | Received a gift from Nemelex Xobeh
  2188 | D:3      | Noticed Ijyb
  2211 | D:2      | Killed Ijyb
  2215 | D:2      | Reached XP level 6. HP: 6/62 MP: 0/10
  2764 | D:3      | Reached skill level 1 in Axes
  2764 | D:3      | Reached skill level 1 in Invocations
  3723 | D:4      | Noticed Natasha
  3734 | D:4      | Killed Natasha
  3747 | D:4      | Reached XP level 7. HP: 24/70 MP: 3/11
  3971 | D:4      | Noticed Natasha
  3986 | D:4      | Killed Natasha
  4017 | D:4      | Noticed Natasha
  4061 | D:4      | Killed Natasha
  4228 | D:4      | Noticed Pikel
  4237 | D:4      | HP: 3/70 [Pikel/+0 whip of freezing (6)]
  4237 | D:4      | HP: 1/70 [Pikel/+0 whip of freezing (2)]
  4237 | D:4      | Slain by a lemure

Illustrated notes

Levels and vault maps discovered:
D:1:      dpeg_arrival_castle, layout_rooms, dreamdust_ecumenical_altar_statues
D:2:      layout_rooms, minmay_vboxes, uniq_terence
D:3:      layout_rooms, serial_bayou_pond_e, dk_vineyard_2,
          minmay_misc_feat_doors, minmay_close_crescents, uniq_ijyb
D:4:      layout_rooms, biasface_ghost_orc_armoury, minmay_misc_feat_square,
          uniq_natasha, uniq_pikel

Skill      XL: |  1  2  3  4  5  6 |
---------------+-------------------+-----
Fighting       | 1 2 3 4 |  4.0
Ice Magic      | 4 5 |  5.0
Throwing       | 1 2 |  2.6
Spellcasting   | 3 |  3.2
Axes           | 2 |  2.6
Invocations    | 2 |  2.8
Dodging        | |  1.7
Stealth        | |  1.4

Action                   |  1- 3 |  4- 6 |  7- 9 || total
-------------------------+-------+-------+-------++-------
Melee: Hand axe          |    47 |   122 |    35 ||   204
       Unarmed           |     2 |       |       ||     2
       Punch             |       |     1 |       ||     1
Throw: Dart              |       |     7 |       ||     7
 Cast: Freeze            |    21 |    66 |     7 ||    94
Invok: Draw Destruction  |     2 |     1 |       ||     3
       Draw Escape       |       |     2 |       ||     2
  Use: Scroll            |       |     6 |       ||     6
       Potion            |       |     1 |       ||     1
 Stab: Sleeping          |     1 |     1 |       ||     2
       Distracted        |       |     1 |       ||     1
Armor: Robe              |    40 |    95 |    37 ||   172
Dodge: Dodged            |    47 |   106 |    32 ||   185

Table legend: (Time is in decaauts)
 A = Elapsed time spent in this place.
 B = Non-inter-level travel time spent in this place.
 C = Inter-level travel time spent in this place.
 D = Time resting spent in this place.
 E = Time spent auto-exploring this place.
 F = Levels seen in this place.
 G = Mean time per level.
                   A        B        C        D        E       F      G
               +--------+--------+--------+--------+--------+-----+--------+
         Total |   4311 |   4170 |    141 |    384 |   3005 |   4 | 1077.8 |
       Dungeon |   4311 |   4170 |    141 |    384 |   3005 |   4 | 1077.8 |
               +--------+--------+--------+--------+--------+-----+--------+

Top non-repeatable levels by time:
     D:2: 1752 daAuts
     D:4: 905 daAuts
     D:3: 863 daAuts
     D:1: 790 daAuts
